Map: Usina Ácida LE

Players

IagoAbreu

  • Race: Terran Terran
  • League: Silver
  • Spawn Location: 5:00

Papitaa - Winner!

  • Race: Zerg Zerg
  • Spawn Location: 11:00

VOD

Have the link to the VOD?

Description

Time

  • Played on: Feb. 23, 2018, 9:24 p.m.
  • Length: 8:20
Show
View Real Time Build Order
Export as new Build Order

IagoAbreu Terran 

Build Orders: Reaper Expand 

Get SALT Encoding   

  12  0:01  SCV  
  13  0:15  Supply Depot  
  13  0:24  Supply Depot  
  13  0:28  SCV  
  14  0:40  SCV  
  15  0:48  Barracks  
  15  0:55  Refinery  
  15  0:58  SCV  
  16  1:10  SCV  
  17  1:26  SCV  
  18  1:44  Command Center  
  18  2:01  Reaper  
  19  2:27  Engineering Bay  
  19  2:28  Orbital Command  
  19  2:31  Refinery  
  19  2:35  Barracks Reactor  
  19  2:55  Ghost Academy  
  19  2:56  SCV  
  20  3:08  SCV  
  20  3:16  Reaper x2  
  22  3:42  SCV  
  22  3:45  Terran Infantry Weapons Level 1  
  23  3:53  Engineering Bay  
  23  3:54  SCV  
  24  4:01  Barracks  
  24  4:05  Factory  
  22  4:27  Building Armor  
  22  4:30  Marine x2  
  24  4:46  Refinery  
  24  4:47  Marine  
  24  4:48  Marine, SCV, Refinery  
  27  4:57  Barracks Tech Lab  
  27  5:04  Factory Reactor  
  27  5:05  Marine x2  
  29  5:14  Hellion  
  28  5:20  Marauder  
  6  6:00  Terran Infantry Armor Level 1  
    8:06  Barracks Tech Lab  
Show
View Real Time Build Order
Export as new Build Order

Papitaa Zerg - Winner!

Build Orders: Pool First 

Get SALT Encoding   

  12  0:07  Drone  
  12  0:11  Drone  
  14  0:17  Overlord  
  14  0:28  Overlord  
  14  0:47  Drone x2  
  16  0:58  Drone  
  17  1:22  Spawning Pool  
  16  1:31  Drone x3, Hatchery  
  18  1:50  Extractor  
  17  1:56  Drone x2  
  19  2:09  Zergling x2  
  20  2:34  Roach Warren  
  19  2:39  Drone  
  20  2:44  Queen  
  20  2:45  Queen  
  20  2:48  Overlord  
  24  2:52  Zergling x2  
  24  2:56  Metabolic Boost  
  25  3:17  Roach  
  25  3:18  Roach  
  30  3:20  Zergling x2  
  30  3:35  Drone x3  
  33  3:41  Ravager  
  34  3:51  Extractor  
  34  3:52  Drone x3  
  36  3:57  Drone x2  
  38  4:08  Ravager  
  39  4:38  Zergling x8  
  43  4:39  Zergling x2  
  43  4:41  Overlord  
  43  4:42  Overlord  
  43  4:43  Overlord  
  44  4:50  Baneling Nest  
  40  6:10  Zergling x8  
  44  6:14  Roach x3  
  50  7:22  Ravager x3  
Tags
 
Add a new tag
Caveats
  • Supply blocks, unpowered buildings, or Contaminate may cause inaccurate times.
  • Supply counts are checked every 10 seconds.